 Dungeon Crawl Stone Soup version 0.22-a0-395-gfed312b (webtiles) character file.

3329 galech the Fighter (level 10, 0/88 HPs)
             Began as a Gnoll Wanderer on May 3, 2018.
             Was a Follower of Okawaru.
             Killed from afar by an electric eel (7 damage)
             ... with a bolt of electricity
             ... on level 7 of the Dungeon.
             The game lasted 00:17:54 (7106 turns).

galech the Fighter (Gnoll Wanderer)                 Turns: 7106, Time: 00:17:55

Health: 0/88       AC: 10    Str: 13    XL:     10   Next: 2%
Magic:  26/26      EV: 15    Int: 15    God:    Okawaru [*.....]
Gold:   458        SH: 13    Dex: 19    Spells: 15/18 levels left

rFire    . . .     SeeInvis .   b - +2 hand axe (chop)
rCold    + . .     Gourm    .   y - +2 buckler
rNeg     + . .     Faith    .   L - +3 leather armour {rC+}
rPois    .         Spirit   .   u - +0 helmet
rElec    .         Reflect  +   (no cloak)
rCorr    .         Harm     .   (no gloves)
MR       .....                  I - +1 pair of boots
Stlth    +++.......             n - +5 amulet of reflection
HPRegen  0.24/turn              h - ring of positive energy
MPRegen  0.20/turn              q - ring of magical power

@: no status effects
A: distributed training, fangs 1, strong nose
a: Heroism, Renounce Religion


You were on level 7 of the Dungeon.
You worshipped Okawaru.
Okawaru was aware of your devotion.
You were very hungry.

You visited 2 branches of the dungeon, and saw 8 of its levels.

You collected 458 gold pieces.

Inventory:

Hand Weapons
 a - a +2 shortbow
 b - a +2 hand axe of chopping (weapon)
 c - a +0 mace
 e - a +0 dagger
 B - the +4 Vampire's Tooth {vamp}
   (You found it on level 5 of the Dungeon)

   It inflicts no extra harm, but heals its wielder when it wounds a living foe.
 J - a +2 hunting sling of velocity
Missiles
 k - 116 bolts
 A - 102 arrows
 K - 18 sling bullets
Armour
 d - a +0 ring mail
 u - a +0 helmet (worn)
 y - a +2 buckler (worn)
 I - a +1 pair of boots (worn)
 L - a +3 leather armour of cold resistance (worn)
Jewellery
 h - a ring of positive energy (left hand)
 m - an uncursed amulet of the gourmand {unknown}
 n - a +5 amulet of reflection (around neck)
 q - a ring of magical power (right hand)
Wands
 s - a wand of iceblast (15)
 z - a wand of paralysis (15)
Scrolls
 l - 4 scrolls of remove curse {unknown}
 o - a scroll of random uselessness
 r - a scroll of blinking
 t - a scroll of amnesia
 D - 6 scrolls of enchant weapon
 G - a scroll of teleportation {unknown}
 H - a scroll of fog {unknown}
 M - a scroll of acquirement {unknown}
 N - a scroll of immolation {unknown}
 P - a scroll of fear {unknown}
Potions
 g - 5 potions of curing {unknown}
 i - a potion of heal wounds {unknown}
 j - 4 potions of flight {unknown}
 p - 2 potions of brilliance {unknown}
 v - a potion of degeneration {unknown}
 w - 2 potions of might {unknown}
 x - 2 potions of berserk rage {unknown}
 C - a potion of agility {unknown}
 E - a potion of ambrosia {unknown}
 F - a potion of magic {unknown}
Comestibles
 f - 17 rations


   Skills:
 + Level 11.3 Fighting
 + Level 4.7 Short Blades
 + Level 4.7 Long Blades
 + Level 4.7 Axes
 + Level 4.7 Maces & Flails
 + Level 4.7 Polearms
 + Level 4.7 Staves
 + Level 4.7 Slings
 + Level 5.4 Bows
 + Level 4.7 Crossbows
 + Level 4.7 Throwing
 + Level 5.4 Armour
 + Level 4.7 Dodging
 + Level 6.4 Stealth
 + Level 4.7 Shields
 + Level 4.7 Unarmed Combat
 + Level 4.7 Spellcasting
 + Level 3.9 Conjurations
 + Level 3.9 Hexes
 + Level 3.9 Charms
 + Level 3.9 Summonings
 + Level 3.9 Necromancy
 + Level 3.9 Translocations
 + Level 3.9 Transmutations
 + Level 3.9 Fire Magic
 + Level 3.9 Ice Magic
 + Level 3.9 Air Magic
 + Level 3.9 Earth Magic
 + Level 3.9 Poison Magic
 + Level 5.2 Invocations
 + Level 5.4 Evocations


You had 15 spell levels left.
You knew the following spells:

 Your Spells              Type           Power        Failure   Level  Hunger
a - Regeneration          Chrm/Necr      ###.......   12%         3    ###....


Dungeon Overview and Level Annotations

Branches:
Dungeon (7/15)             Temple (1/1) D:7

Altars:
Ashenzari
Cheibriados
Dithmenos
Elyvilon
Fedhas
Gozag
Hepliaklqana
Kikubaaqudgha
Nemelex Xobeh
Okawaru
Qazlal
Ru
Sif Muna
Trog
Uskayaw
Vehumet
Wu Jian
Yredelemnul
The Shining One

Shops:
D:6 (


Innate Abilities, Weirdness & Mutations

Your experience applies equally to all skills.
You have very sharp teeth.
Your uncanny sense of smell can sniff out nearby items.


Message History

The bolt of electricity hits you!
The electric eel shoots out a bolt of lightning at you!
The bolt of electricity hits you!
You enter the shallow water.
Moving in this stuff is going to be slow.
The electric eel shoots out a bolt of lightning at you!
The bolt of electricity hits you!
The electric eel shoots out a bolt of lightning at you!
The bolt of electricity hits you!
The electric eel shoots out a bolt of lightning at you!
The bolt of electricity hits you!
* * * LOW HITPOINT WARNING * * *
The electric eel shoots out a bolt of lightning at you!
The bolt of electricity hits you!
* * * LOW HITPOINT WARNING * * *
The electric eel shoots out a bolt of lightning at you!
The bolt of electricity misses you.
The electric eel shoots out a bolt of lightning at you!
The bolt of electricity hits you!
You die...

.......## ###≈≈≈# ......##
###≈≈≈≈≈###
.....######≈≈≈≈≈;≈≈≈#############
....## #≈≈≈≈≈≈≈≈≈≈≈..............
#..## ##.≈≈≈≈≈≈≈≈≈...............
.### #...≈≈≈≈≈≈;................
.# ##......≈≈..................
## #...............########..## #
####......#@.....#######.### #
#######..##...........# #
#..##..........##
#..#...........# #..#...........#
#.##...........# #.#...>........#
#.#............#
##.#............# #


You could see 2 electric eels.

Vanquished Creatures
  Pikel (D:4)
  Joseph (D:7)
  A hippogriff (D:7)
  3 sky beasts
  4 slaves (D:4)
  3 phantoms
  2 centaurs
  A bullfrog (D:7)
  2 scorpions
  A water moccasin zombie (D:7)
  5 killer bees (D:7)
  An electric eel (D:7)
  2 howler monkeys
  2 vampire bats (D:5)
  3 crimson imps
  2 hounds
  2 orc priests
  A centaur skeleton (D:4)
  A jelly (D:6)
  An iguana (D:4)
  3 bullfrog skeletons
  4 orc wizards
  2 worker ants
  A howler monkey zombie (D:5)
  2 worker ant zombies (D:6)
  9 gnolls
  10 adders
  6 river rats (D:5)
  A shadow imp (D:5)
  An ooze (D:4)
  An adder zombie (D:5)
  An adder skeleton (D:6)
  4 worms
  A dart slug (D:1)
  A leopard gecko (D:6)
  21 orcs
  3 giant cockroaches
  8 goblins
  3 hobgoblins
  12 jackals
  10 kobolds
  11 quokkas
  2 ball pythons
  12 bats
  2 frilled lizards
  2 giant cockroach zombies (D:5)
  A jackal zombie (D:5)
  22 rats
  A bush (D:6)
196 creatures vanquished.

Vanquished Creatures (others)
  A centaur (D:6)
1 creature vanquished.

Grand Total: 197 creatures vanquished

Notes
Turn   | Place    | Note
-------+----------+-------------------------------------------
     0 | D:1      | Reached skill level 10 in Fighting
     0 | D:1      | galech the Gnoll Wanderer began the quest for the Orb.
     0 | D:1      | galech set off with: a +2 shortbow, 24 arrows, a +0 mace, a +0 ring mail, a +0 dagger, a ration
     0 | D:1      | Reached XP level 1. HP: 28/28 MP: 2/2
   196 | D:1      | Reached XP level 2. HP: 36/36 MP: 3/3
   629 | D:2      | Reached XP level 3. HP: 42/42 MP: 4/4
   766 | D:2      | Reached skill level 1 in Invocations
   882 | D:2      | Reached skill level 1 in Short Blades
   882 | D:2      | Reached skill level 1 in Long Blades
   882 | D:2      | Reached skill level 1 in Axes
   882 | D:2      | Reached skill level 1 in Maces & Flails
   882 | D:2      | Reached skill level 1 in Polearms
   882 | D:2      | Reached skill level 1 in Staves
   882 | D:2      | Reached skill level 1 in Slings
   882 | D:2      | Reached skill level 1 in Crossbows
   882 | D:2      | Reached skill level 1 in Throwing
   882 | D:2      | Reached skill level 1 in Dodging
   882 | D:2      | Reached skill level 1 in Shields
   882 | D:2      | Reached skill level 1 in Unarmed Combat
   882 | D:2      | Reached skill level 1 in Spellcasting
   882 | D:2      | Reached XP level 4. HP: 48/48 MP: 4/6
  1496 | D:3      | Reached skill level 1 in Conjurations
  1496 | D:3      | Reached skill level 1 in Hexes
  1496 | D:3      | Reached skill level 1 in Charms
  1496 | D:3      | Reached skill level 1 in Summonings
  1496 | D:3      | Reached skill level 1 in Necromancy
  1496 | D:3      | Reached skill level 1 in Translocations
  1496 | D:3      | Reached skill level 1 in Transmutations
  1496 | D:3      | Reached skill level 1 in Fire Magic
  1496 | D:3      | Reached skill level 1 in Ice Magic
  1496 | D:3      | Reached skill level 1 in Air Magic
  1496 | D:3      | Reached skill level 1 in Earth Magic
  1496 | D:3      | Reached skill level 1 in Poison Magic
  1498 | D:3      | Reached XP level 5. HP: 28/54 MP: 7/7
  1708 | D:3      | Found an ornate altar of the Wu Jian Council.
  1985 | D:3      | Noticed a centaur
  1990 | D:3      | Killed a centaur
  1990 | D:3      | Reached XP level 6. HP: 50/61 MP: 8/8
  2466 | D:4      | Noticed a slave
  2466 | D:4      | Noticed a slave
  2466 | D:4      | Noticed a slave
  2468 | D:4      | Noticed Pikel
  2508 | D:4      | Killed a slave
  2515 | D:4      | Killed a slave
  2579 | D:4      | Noticed a phantom
  2586 | D:4      | Killed a slave
  2589 | D:4      | Noticed a slave
  2632 | D:4      | Killed a slave
  2642 | D:4      | Killed a phantom
  2642 | D:4      | Reached XP level 7. HP: 39/67 MP: 10/10
  2857 | D:4      | Killed Pikel
  2857 | D:4      | Reached skill level 5 in Stealth
  2857 | D:4      | Reached XP level 8. HP: 34/74 MP: 12/12
  3403 | D:5      | Entered Level 5 of the Dungeon
  4557 | D:5      | Found the +4 Vampire's Tooth {vamp}
  4567 | D:5      | Reached XP level 9. HP: 78/79 MP: 14/14
  4595 | D:5      | Reached skill level 11 in Fighting
  5263 | D:6      | Found Ijeer's Weapon Shoppe.
  5410 | D:6      | Found a blossoming altar of Fedhas.
  5439 | D:6      | Learned a level 3 spell: Regeneration
  5485 | D:6      | Found a radiant altar of Vehumet.
  5665 | D:7      | Noticed Joseph
  5696 | D:7      | Killed Joseph
  5696 | D:7      | Reached skill level 5 in Bows
  5696 | D:7      | Reached skill level 5 in Armour
  5696 | D:7      | Reached skill level 5 in Evocations
  5872 | D:7      | Found a staircase to the Ecumenical Temple.
  5889 | Temple   | Entered the Ecumenical Temple
  5950 | Temple   | Became a worshipper of Warmaster Okawaru
  6423 | D:7      | Reached skill level 5 in Invocations
  6640 | D:7      | Reached * piety under Okawaru
  6942 | D:7      | Reached XP level 10. HP: 85/88 MP: 17/17
  7106 | D:7      | Killed from afar by an electric eel

Vault maps used:
D:1:      giann_bridges
D:2:      minmay_diamond_boxcup
D:3:      wad_crossroads, lemuel_doored_altar
D:4:      minivault_5, minmay_misc_feat_hallway, roderic_serpentine_path,
          minivault_1, uniq_pikel
D:5:      lemuel_ratsnest, first_ration, minmay_guarded_unrand_vampires_tooth
D:6:      lemuel_crystal_altar, marbit_many_paths, serial_shops,
          kennysheep_mini, kb_lookout_dungeons_type
D:7:      statuecave_lemuel, minmay_temple_entry_mist, uniq_joseph
Temple:   compressed_dpeg_circular_temple

Skill      XL: |  1  2  3  4  5  6  7  8  9 |
---------------+----------------------------+-----
Fighting       | 11 | 11.3
Invocations    | 1 2 3 4 5 |  5.2
Short Blades   | 1 2 3 4 |  4.7
Long Blades    | 1 2 3 4 |  4.7
Axes           | 1 2 3 4 |  4.7
Maces & Flails | 1 2 3 4 |  4.7
Polearms       | 1 2 3 4 |  4.7
Staves         | 1 2 3 4 |  4.7
Slings         | 1 2 3 4 |  4.7
Crossbows      | 1 2 3 4 |  4.7
Throwing       | 1 2 3 4 |  4.7
Dodging        | 1 2 3 4 |  4.7
Shields        | 1 2 3 4 |  4.7
Unarmed Combat | 1 2 3 4 |  4.7
Spellcasting   | 1 2 3 4 |  4.7
Conjurations   | 1 2 3 |  3.9
Hexes          | 1 2 3 |  3.9
Charms         | 1 2 3 |  3.9
Summonings     | 1 2 3 |  3.9
Necromancy     | 1 2 3 |  3.9
Translocations | 1 2 3 |  3.9
Transmutations | 1 2 3 |  3.9
Fire Magic     | 1 2 3 |  3.9
Ice Magic      | 1 2 3 |  3.9
Air Magic      | 1 2 3 |  3.9
Earth Magic    | 1 2 3 |  3.9
Poison Magic   | 1 2 3 |  3.9
Bows           | 3 4 5 |  5.4
Armour         | 3 4 5 |  5.4
Evocations     | 3 4 5 |  5.4
Stealth        | 5 6 |  6.4

Action                   |  1- 3 |  4- 6 |  7- 9 | 10-12 || total
-------------------------+-------+-------+-------+-------++-------
Melee: Hand axe          |       |       |   366 |       ||   366
       Mace              |       |       |    87 |       ||    87
       Bite              |       |       |    67 |       ||    67
       Punch             |       |       |     2 |       ||     2
 Fire: Shortbow          |    78 |   158 |   171 |       ||   407
       Hunting sling     |       |       |    29 |       ||    29
 Cast: Regeneration      |       |       |     2 |       ||     2
  Use: Scroll            |       |       |     4 |       ||     4
 Stab: Sleeping          |       |       |     9 |       ||     9
  Eat: Chunk             |       |     5 |    11 |       ||    16
       Ration            |       |       |     1 |       ||     1
Armor: Ring mail         |     5 |    27 |   123 |       ||   155
       Leather armour    |       |       |    20 |       ||    20
Dodge: Dodged            |     9 |    33 |   292 |     1 ||   335
Block: Other             |     3 |    17 |    46 |       ||    66
       Reflection        |       |     1 |     5 |       ||     6
       Buckler           |       |       |   179 |       ||   179

Table legend:
 A = Spawn XP
 B = Non-spawn XP
 C = Spawn XP percentage of total XP
 D = Spawn monster count
 E = Non-spawn monster count
 F = Spawn count percentage of total count
 G = Total turns spent on level
                    A         B        C        D         E        F      G
               +---------+---------+-------+---------+---------+-------+---------
         Total |       0 |    4756 |   0.0 |       0 |     192 |   0.0 |  7106
               +---------+---------+-------+---------+---------+-------+---------
           D:1 |       0 |      20 |   0.0 |       0 |      11 |   0.0 |   576
           D:2 |       0 |      96 |   0.0 |       0 |      27 |   0.0 |   875
           D:3 |       0 |     261 |   0.0 |       0 |      23 |   0.0 |  1124
           D:4 |       0 |    1126 |   0.0 |       0 |      28 |   0.0 |  1165
           D:5 |       0 |     919 |   0.0 |       0 |      62 |   0.0 |  1259
           D:6 |       0 |     612 |   0.0 |       0 |      23 |   0.0 |   666
           D:7 |       0 |    1722 |   0.0 |       0 |      18 |   0.0 |  1364
               +---------+---------+-------+---------+---------+-------+---------
